Match 23649418
Unlisted

Match 23649418
End
Kettenkrad Recon Vehicle
Construct Infanterie Kompanie
MG 42 Machine Gun Team
MG 42 Machine Gun Team
GrW 34 Mortar Team
Infanterie Officer Quarters
Grenadier Squad
Construct Luftwaffe Kompanie
Jäger Squad
Jäger Squad
Medical Bunker
Support Elements
Selects Luftwaffe Battlegroup
Selects Stuka Strafing Run
Selects Fallschirmjäger Squad Paradrop
Stuka Strafing Run
Selects Luftwaffe Pioneer Support
Wirbelwind Flakpanzer
Stuka Strafing Run
Marder III M Tank Destroyer
Marder III M Tank Destroyer
Selects Stuka Loiter
Medical Bunker
Marder III M Tank Destroyer
Construct Panzergrenadier Kompanie
Jäger Squad
Jäger Squad
Jäger Squad
Stuka Loiter
iceman
Soldier in Elysium
UH|dun! ツ
EzCompany
Enzo
k.twenty CZ
0
0

Comments sign in to comment!

No comments posted yet!